% Time on Ice - EDMONTON ICE
Lines # - Real PCT - Wanted PCT - Time Play
Normal Forward
1 - 35% - 36% - 16:48
2 - 32% - 33% - 15:19
3 - 25% - 24% - 12:11
4 - 7% - 7% - 3:31
Normal Defense
1 - 38% - 37% - 18:00
2 - 32% - 32% - 15:30
3 - 24% - 25% - 11:40
4 - 6% - 6% - 2:39
PP Forward
1 - 56% - 60% - 2:56
2 - 44% - 40% - 2:21
PP Defense
1 - 61% - 60% - 3:14
2 - 39% - 40% - 2:03
PK Forward
1 - 74% - 60% - 4:24
2 - 26% - 40% - 1:33
PK Defense
1 - 61% - 60% - 3:36
2 - 39% - 40% - 2:21
PK3 Forward
1 - 0% - 55%
2 - 0% - 45%
PK3 Defense
1 - 0% - 55%
2 - 0% - 45%
44 Forward
1 - 0% - 55%
2 - 0% - 45%
44 Defense
1 - 0% - 55%
2 - 0% - 45%
Last Minute Offensive  - 0:57
Last Minute Defensive  - 0:00
Total
Forward - 60:00
Defense - 60:00
% Time on Ice - SACRAMENTO BANDITS
Lines # - Real PCT - Wanted PCT - Time Play
Normal Forward
1 - 33% - 35% - 15:57
2 - 27% - 30% - 13:01
3 - 28% - 30% - 13:36
4 - 11% - 5% - 5:15
Normal Defense
1 - 38% - 36% - 18:22
2 - 32% - 31% - 15:14
3 - 24% - 23% - 11:25
4 - 6% - 10% - 2:48
PP Forward
1 - 57% - 55% - 3:25
2 - 43% - 45% - 2:32
PP Defense
1 - 53% - 55% - 3:09
2 - 47% - 45% - 2:48
PK Forward
1 - 59% - 55% - 3:08
2 - 41% - 45% - 2:09
PK Defense
1 - 49% - 55% - 2:34
2 - 51% - 45% - 2:43
PK3 Forward
1 - 0% - 55%
2 - 0% - 45%
PK3 Defense
1 - 0% - 55%
2 - 0% - 45%
44 Forward
1 - 0% - 55%
2 - 0% - 45%
44 Defense
1 - 0% - 55%
2 - 0% - 45%
Last Minute Offensive  - 0:00
Last Minute Defensive  - 0:57
Total
Forward - 60:00
Defense - 60:00
Play-by-Play 1st period 0:01 of 1st period - Jack Eichel wins face-off versus Evgeny Kuznetsov in neutral zone. 0:01 of 1st period - Alex Tuch is hit by Evgeny Kuznetsov and loses puck. 0:06 of 1st period - Shot by Jack Eichel. 0:06 of 1st period - Shot Misses the Net. 0:08 of 1st period - Shot by Alex Tuch. 0:08 of 1st period - Stopped by Carter Hart without a rebound. 0:09 of 1st period - Andrew Copp wins face-off versus Thomas Novak in SACRAMENTO BANDITS zone. 0:30 of 1st period - Scott Laughton is hit by Brandon Tanev and loses puck. 1:08 of 1st period - Icing by Ryan Graves. 1:09 of 1st period - Thomas Novak wins face-off versus Cody Glass in EDMONTON ICE zone. 2:53 of 1st period - Shot by Dawson Mercer. 2:53 of 1st period - Shot Misses the Net. 3:05 of 1st period - Shot by Dawson Mercer. 3:05 of 1st period - Stopped by Carter Hart with a rebound. 3:24 of 1st period - Icing by Tanner Jeannot. 3:25 of 1st period - Anton Lundell wins face-off versus Danil Gushchin in EDMONTON ICE zone. 4:42 of 1st period - Jarred Tinordi is hit by Brandon Tanev and loses puck. 5:33 of 1st period - Minor Penalty to Nino Niederreiter for Holding. 5:34 of 1st period - Dawson Mercer wins face-off versus Evgeny Kuznetsov in EDMONTON ICE zone. 5:38 of 1st period - Off-side. 5:39 of 1st period - Evgeny Kuznetsov wins face-off versus Dawson Mercer in neutral zone. 5:55 of 1st period - Shot by Ryan McDonagh. 5:55 of 1st period - Shot Blocked by Jonas Brodin. 5:57 of 1st period - Shot by Ryan McDonagh. 5:57 of 1st period - Stopped by Vitek Vanecek without a rebound. 5:58 of 1st period - Andrew Copp wins face-off versus Dawson Mercer in EDMONTON ICE zone. 6:01 of 1st period - Shot by Rasmus Sandin. 6:01 of 1st period - Stopped by Vitek Vanecek without a rebound. 6:02 of 1st period - Evgeny Kuznetsov wins face-off versus Dawson Mercer in EDMONTON ICE zone. 6:34 of 1st period - Shot by Rasmus Sandin. 6:34 of 1st period - Shot Misses the Net. 6:46 of 1st period - Shot by Jonathan Huberdeau. 6:46 of 1st period - Shot Blocked by Michael Matheson. 6:48 of 1st period - Shot by Rasmus Sandin. 6:48 of 1st period - Shot Misses the Net. 7:01 of 1st period - Icing by Aaron Ekblad. 7:02 of 1st period - Scott Laughton wins face-off versus Andrew Copp in SACRAMENTO BANDITS zone. 7:14 of 1st period - Shot by Aaron Ekblad. 7:14 of 1st period - Stopped by Vitek Vanecek without a rebound. 7:15 of 1st period - Anton Lundell wins face-off versus Brandon Tanev in EDMONTON ICE zone. 7:21 of 1st period - Off-side. 7:22 of 1st period - Anton Lundell wins face-off versus Andrew Copp in neutral zone. 7:39 of 1st period - Shea Theodore is hit by Radko Gudas and loses puck. 7:48 of 1st period - Shot by Andre Burakovsky. 7:48 of 1st period - Shot Misses the Net. 8:46 of 1st period - Tomas Tatar is hit by Jonathan Huberdeau and loses puck. 9:14 of 1st period - Off-side. 9:15 of 1st period - Andrew Copp wins face-off versus Dawson Mercer in neutral zone. 9:39 of 1st period - Off-side. 9:40 of 1st period - Jack Eichel wins face-off versus Cody Glass in neutral zone. 9:58 of 1st period - Jack Eichel is hit by Ryan McDonagh and loses puck. 10:05 of 1st period - Shot by Jack Eichel. 10:05 of 1st period - Stopped by Carter Hart with a rebound. 10:26 of 1st period - Robert Fabbri is hit by Shea Theodore and loses puck. 11:21 of 1st period - Icing by Thomas Novak. 11:22 of 1st period - Evgeny Kuznetsov wins face-off versus Thomas Novak in EDMONTON ICE zone. 11:23 of 1st period - Shot by Andre Burakovsky. 11:23 of 1st period - Shot Misses the Net. 11:38 of 1st period - Icing by Alexandre Carrier. 11:39 of 1st period - Dawson Mercer wins face-off versus Evgeny Kuznetsov in SACRAMENTO BANDITS zone. 11:52 of 1st period - Shot by Dawson Mercer. 11:52 of 1st period - Stopped by Carter Hart without a rebound. 11:53 of 1st period - Brandon Tanev wins face-off versus Jack Eichel in SACRAMENTO BANDITS zone. 12:03 of 1st period - Icing by Brandon Tanev. 12:04 of 1st period - Andrew Copp wins face-off versus Dawson Mercer in SACRAMENTO BANDITS zone. 12:10 of 1st period - Zach Whitecloud is hit by Radko Gudas and loses puck. 12:21 of 1st period - Minor Penalty to Evander Kane for High sticking. 12:22 of 1st period - Jack Eichel wins face-off versus Andrew Copp in SACRAMENTO BANDITS zone. 14:24 of 1st period - Evgeny Dadonov is hit by Ryan McDonagh and loses puck. 14:27 of 1st period - Shot by Dawson Mercer. 14:27 of 1st period - Shot Misses the Net. 14:29 of 1st period - Shot by Dawson Mercer. 14:29 of 1st period - Stopped by Carter Hart without a rebound. 14:30 of 1st period - Peyton Krebs wins face-off versus Anton Lundell in SACRAMENTO BANDITS zone. 14:37 of 1st period - Anton Lundell is hit by Peyton Krebs. 15:10 of 1st period - Jonas Brodin is hit by Peyton Krebs and loses puck. 15:27 of 1st period - Alex Tuch is hit by Danil Gushchin and loses puck. 15:52 of 1st period - Shot by Andrew Copp. 15:52 of 1st period - Shot Misses the Net. 16:00 of 1st period - Shot by Brandon Tanev. 16:00 of 1st period - Shot Blocked by Jordan Spence. 16:02 of 1st period - Shot by Alexandre Carrier. 16:02 of 1st period - Stopped by Vitek Vanecek without a rebound. 16:03 of 1st period - Jonathan Huberdeau wins face-off versus Dawson Mercer in EDMONTON ICE zone. 16:08 of 1st period - Shot by Evgeny Kuznetsov. 16:08 of 1st period - Shot Misses the Net. 16:33 of 1st period - Shot by Jonathan Huberdeau. 16:33 of 1st period - Shot Misses the Net. 17:23 of 1st period - Shot by Andrew Copp. 17:23 of 1st period - Stopped by Vitek Vanecek with a rebound. 17:25 of 1st period - Shot by Andrew Copp. 17:25 of 1st period - Shot Misses the Net. 18:03 of 1st period - Shot by Robert Fabbri. 18:03 of 1st period - Stopped by Vitek Vanecek without a rebound. 18:04 of 1st period - Jack Eichel wins face-off versus Peyton Krebs in EDMONTON ICE zone. 18:24 of 1st period - Icing by Janis Moser. 18:25 of 1st period - Peyton Krebs wins face-off versus Thomas Novak in SACRAMENTO BANDITS zone. 18:25 of 1st period - Fabian Zetterlund is hit by Scott Laughton and loses puck. 18:31 of 1st period - Ryan McDonagh is hit by Jordan Spence and loses puck. 18:44 of 1st period - Shot by Peyton Krebs. 18:44 of 1st period - Shot Misses the Net. 18:46 of 1st period - Shot by Janis Moser. 18:46 of 1st period - Shot Blocked by Jordan Spence. 18:52 of 1st period - Shot by Danil Gushchin. 18:52 of 1st period - Stopped by Vitek Vanecek without a rebound. 18:53 of 1st period - Evgeny Kuznetsov wins face-off versus Jack Eichel in EDMONTON ICE zone. 18:56 of 1st period - Shot by Andre Burakovsky. 18:56 of 1st period - Stopped by Vitek Vanecek without a rebound. 18:57 of 1st period - Evgeny Kuznetsov wins face-off versus Jack Eichel in EDMONTON ICE zone. 18:58 of 1st period - Shot by Andre Burakovsky. 18:58 of 1st period - Stopped by Vitek Vanecek with a rebound. 19:00 of 1st period - Shot by Alexandre Carrier. 19:00 of 1st period - Shot Misses the Net. 19:02 of 1st period - Shot by Rasmus Sandin. 19:02 of 1st period - Shot Misses the Net. 19:14 of 1st period - Shot by Jonathan Huberdeau. 19:14 of 1st period - Shot Misses the Net. 19:16 of 1st period - Shot by Alexandre Carrier. 19:16 of 1st period - Shot Misses the Net. 19:18 of 1st period - Shot by Rasmus Sandin. 19:18 of 1st period - Stopped by Vitek Vanecek without a rebound. 19:19 of 1st period - Thomas Novak wins face-off versus Cody Glass in EDMONTON ICE zone. 19:26 of 1st period - Shot by Tomas Tatar. 19:26 of 1st period - Stopped by Carter Hart without a rebound. 19:27 of 1st period - Evgeny Kuznetsov wins face-off versus Thomas Novak in SACRAMENTO BANDITS zone. 19:27 of 1st period - Evgeny Kuznetsov is hit by Scott Laughton. 19:30 of 1st period - Icing by Jonathan Huberdeau. 19:31 of 1st period - Thomas Novak wins face-off versus Evgeny Kuznetsov in SACRAMENTO BANDITS zone. 19:31 of 1st period - Tomas Tatar is hit by Radko Gudas and loses puck. Goals for this period are 0 for EDMONTON ICE vs 0 for SACRAMENTO BANDITS. Shots for this period are 6 for EDMONTON ICE vs 10 for SACRAMENTO BANDITS. 2nd period 0:01 of 2nd period - Jack Eichel wins face-off versus Andrew Copp in neutral zone. 1:10 of 2nd period - Shot by Scott Laughton. 1:10 of 2nd period - Shot Misses the Net. 1:12 of 2nd period - Shot by Thomas Novak. 1:12 of 2nd period - Shot Hit the Post. 1:14 of 2nd period - Shot by Jordan Spence. 1:14 of 2nd period - Shot Misses the Net. 1:47 of 2nd period - Evgeny Dadonov is hit by Radko Gudas and loses puck. 1:48 of 2nd period - Minor Penalty to Radko Gudas for Roughing. 1:49 of 2nd period - Dawson Mercer wins face-off versus Andrew Copp in SACRAMENTO BANDITS zone. 2:34 of 2nd period - Shot by Alex Tuch. 2:34 of 2nd period - Stopped by Carter Hart without a rebound. 2:35 of 2nd period - Jack Eichel wins face-off versus Jordan Martinook in SACRAMENTO BANDITS zone. 2:40 of 2nd period - Shot by Jack Eichel. 2:40 of 2nd period - Shot Misses the Net. 2:42 of 2nd period - Shot by Alex Tuch. 2:42 of 2nd period - Stopped by Carter Hart without a rebound. 2:43 of 2nd period - Jordan Martinook wins face-off versus Jack Eichel in SACRAMENTO BANDITS zone. 3:00 of 2nd period - Shot by Jack Eichel. 3:00 of 2nd period - Stopped by Carter Hart without a rebound. 3:01 of 2nd period - Nino Niederreiter wins face-off versus Andrew Copp in SACRAMENTO BANDITS zone. 3:29 of 2nd period - Shot by Dawson Mercer. 3:29 of 2nd period - Stopped by Carter Hart without a rebound. 3:30 of 2nd period - Jack Eichel wins face-off versus Jordan Martinook in SACRAMENTO BANDITS zone. 3:57 of 2nd period - Shot by Dawson Mercer. 3:57 of 2nd period - Shot Misses the Net. 4:13 of 2nd period - Shot by Evgeny Dadonov. 4:13 of 2nd period - Shot Misses the Net. 5:03 of 2nd period - Jack Eichel is hit by Jordan Martinook and loses puck. 5:11 of 2nd period - Off-side. 5:12 of 2nd period - Thomas Novak wins face-off versus Andrew Copp in neutral zone. 5:31 of 2nd period - Shot by Brandon Tanev. 5:31 of 2nd period - Stopped by Vitek Vanecek without a rebound. 5:32 of 2nd period - Peyton Krebs wins face-off versus Dawson Mercer in EDMONTON ICE zone. 5:43 of 2nd period - Shot by Danil Gushchin. 5:43 of 2nd period - Stopped by Vitek Vanecek without a rebound. 5:44 of 2nd period - Cody Glass wins face-off versus Thomas Novak in EDMONTON ICE zone. 5:59 of 2nd period - Shot by Scott Laughton. 5:59 of 2nd period - Shot Misses the Net. 7:12 of 2nd period - Shot by Alex Tuch. 7:12 of 2nd period - Stopped by Carter Hart without a rebound. 7:13 of 2nd period - Evgeny Kuznetsov wins face-off versus Dawson Mercer in SACRAMENTO BANDITS zone. 7:13 of 2nd period - Evgeny Kuznetsov is hit by Anthony Beauvillier. 7:44 of 2nd period - Andre Burakovsky is hit by Zach Whitecloud and loses puck. 7:53 of 2nd period - Jonas Brodin is hit by Evgeny Kuznetsov and loses puck. 8:47 of 2nd period - Andrew Copp is hit by Jonas Brodin and loses puck. 9:18 of 2nd period - Shot by Danil Gushchin. 9:18 of 2nd period - Stopped by Vitek Vanecek without a rebound. 9:19 of 2nd period - Evgeny Kuznetsov wins face-off versus Jack Eichel in EDMONTON ICE zone. 9:19 of 2nd period - Evgeny Kuznetsov is hit by Shea Theodore. 9:33 of 2nd period - Shot by Jonathan Huberdeau. 9:33 of 2nd period - Stopped by Vitek Vanecek with a rebound. 9:35 of 2nd period - Shot by Rasmus Sandin. 9:35 of 2nd period - Shot Misses the Net. 9:37 of 2nd period - Shot by Rasmus Sandin. 9:37 of 2nd period - Shot Misses the Net. 9:39 of 2nd period - Shot by Andre Burakovsky. 9:39 of 2nd period - Stopped by Vitek Vanecek without a rebound. 9:40 of 2nd period - Thomas Novak wins face-off versus Cody Glass in EDMONTON ICE zone. 9:40 of 2nd period - Thomas Novak is hit by Jordan Martinook. 10:42 of 2nd period - Shot by Nino Niederreiter. 10:42 of 2nd period - Stopped by Carter Hart without a rebound. 10:43 of 2nd period - Evgeny Kuznetsov wins face-off versus Jack Eichel in SACRAMENTO BANDITS zone. 11:05 of 2nd period - Shot by Alex Tuch. 11:05 of 2nd period - Stopped by Carter Hart without a rebound. 11:06 of 2nd period - Anton Lundell wins face-off versus Andrew Copp in SACRAMENTO BANDITS zone. 11:06 of 2nd period - Anton Lundell is hit by Aaron Ekblad. 11:25 of 2nd period - Minor Penalty to Ryan McDonagh for Roughing. 11:26 of 2nd period - Jack Eichel wins face-off versus Andrew Copp in SACRAMENTO BANDITS zone. 11:29 of 2nd period - Shot by Shea Theodore. 11:29 of 2nd period - Stopped by Carter Hart with a rebound. 11:37 of 2nd period - Shot by Alex Tuch. 11:37 of 2nd period - Stopped by Carter Hart without a rebound. 11:38 of 2nd period - Andrew Copp wins face-off versus Jack Eichel in SACRAMENTO BANDITS zone. 11:38 of 2nd period - Andrew Copp is hit by Tomas Tatar. 11:45